Map: Blackburn LE

Players

MaxPax

  • Race: Protoss Protoss

Elazer - Winner!

  • Race: Zerg Zerg

Event: DreamHack SC2 Masters 2021 Winter

VOD

Have the link to the VOD?

Description

Time

  • Played on: Oct. 14, 2021, 12:08 p.m.
  • Length: 27:55

All games in this series

Show
View Real Time Build Order
Export as new Build Order

MaxPax Protoss 

Build Orders: 1 Gate Expand, Oracle Opening, Carriers 

Get SALT Encoding   

  12  0:00  Probe  
  13  0:12  Probe  
  14  0:19  Pylon  
  14  0:24  Probe  
  15  0:37  Probe (Chrono Boost)  
  15  0:41  Gateway  
  16  0:47  Probe (Chrono Boost)  
  17  0:50  Assimilator  
  17  0:52  Probe (Chrono Boost)  
  18  1:04  Probe  
  19  1:16  Probe  
  20  1:28  Nexus  
  21  1:38  Cybernetics Core  
  20  1:41  Probe  
  21  1:47  Assimilator  
  21  1:53  Probe  
  22  1:58  Pylon  
  22  2:05  Probe (Chrono Boost)  
  23  2:16  Adept  
  23  2:19  Probe (Chrono Boost)  
  23  2:22  Stargate  
  26  2:26  Probe (Chrono Boost)  
  26  2:36  Warp Gate, Probe (Chrono Boost)  
  27  2:40  Probe (Chrono Boost)  
  28  2:48  Adept  
  28  2:49  Probe (Chrono Boost)  
  28  2:50  Probe (Chrono Boost)  
  32  2:54  Probe (Chrono Boost)  
  32  2:56  Void Ray (Chrono Boost)  
  32  2:58  Probe  
  38  3:06  Probe  
  38  3:10  Probe  
  40  3:13  Pylon  
  40  3:18  Probe  
  41  3:22  Gateway, Probe  
  42  3:30  Oracle (Chrono Boost), Probe  
  46  3:34  Probe  
  47  3:42  Probe  
  47  3:46  Probe  
  49  3:54  Probe  
  49  3:55  Nexus  
  50  4:02  Pylon  
  50  4:03  Probe  
  50  4:08  Assimilator  
  51  4:11  Assimilator  
  51  4:15  Probe, Pylon  
  52  4:19  Void Ray (Chrono Boost)  
  53  4:25  Zealot x2  
  53  4:30  Probe  
  58  4:31  Protoss Air Weapons Level 1  
  58  4:32  Probe  
  58  4:36  Shield Battery  
  55  4:42  Probe  
  55  4:44  Probe  
  57  4:50  Stargate  
  57  4:52  Forge  
  57  4:54  Void Ray (Chrono Boost), Probe  
  57  4:56  Probe  
  64  5:08  Probe (Chrono Boost)  
  64  5:09  Probe (Chrono Boost)  
  64  5:11  Probe (Chrono Boost)  
  66  5:17  Probe (Chrono Boost), Shield Battery  
  66  5:18  Probe (Chrono Boost)  
  66  5:20  Probe (Chrono Boost)  
  69  5:21  Adept  
  69  5:22  Probe (Chrono Boost)  
  69  5:23  Probe (Chrono Boost)  
  69  5:27  Pylon  
  73  5:30  Void Ray (Chrono Boost), Probe  
  73  5:34  Probe  
  73  5:35  Void Ray (Chrono Boost)  
  79  5:41  Pylon  
  79  5:42  Probe  
  84  5:46  Probe x2  
  86  5:50  Assimilator  
  86  5:52  Assimilator  
  86  5:54  Adept  
  86  5:56  Probe  
  89  5:57  Void Ray (Chrono Boost)  
  89  5:58  Pylon  
  89  6:03  Probe  
  89  6:04  Probe  
  91  6:08  Probe  
  91  6:10  Void Ray (Chrono Boost)  
  100  6:15  Probe  
  100  6:16  Probe  
  100  6:17  Zealot  
  104  6:20  Probe  
  105  6:27  Photon Cannon, Probe  
  105  6:29  Pylon  
  105  6:32  Fleet Beacon  
  106  6:38  Stargate  
  106  6:40  Pylon  
  106  6:42  Probe  
  107  6:48  Probe  
  107  6:52  Probe  
  109  6:57  Probe  
  109  6:58  Void Ray x2  
  110  7:02  Photon Cannon  
  118  7:10  Flux Vanes  
  118  7:21  Nexus  
  118  7:22  Void Ray  
  114  7:23  Pylon  
  115  7:30  Protoss Air Weapons Level 2 (Chrono Boost)  
  114  7:44  Zealot x2  
  114  7:50  Probe  
  119  7:57  Probe  
  110  8:08  Carrier (Chrono Boost)  
  124  8:16  Carrier x2 (Chrono Boost)  
  123  8:23  Twilight Council  
  123  8:24  Adept, Gateway  
  123  8:26  Gateway  
  125  8:28  Robotics Facility, Gateway  
  125  8:29  Nexus  
  125  8:30  Pylon  
  125  8:31  Gateway, Pylon  
  125  8:34  Photon Cannon  
  125  8:35  Photon Cannon  
  125  8:37  Pylon  
  125  8:39  Pylon  
  125  8:41  Pylon  
  125  8:44  Photon Cannon  
  125  8:45  Protoss Ground Weapons Level 1 (Chrono Boost)  
  125  8:48  Probe x2  
  127  8:54  Photon Cannon, Shield Battery  
  127  8:55  Adept  
  129  8:56  Charge (Chrono Boost)  
  129  9:01  Probe  
  130  9:03  Templar Archives  
  130  9:05  Adept  
  130  9:06  Photon Cannon, Shield Battery  
  132  9:15  Carrier (Chrono Boost)  
  132  9:23  Carrier (Chrono Boost)  
  144  9:29  Warp Prism  
  142  9:39  Gateway  
  142  9:43  Gateway  
  142  9:47  Gateway  
  142  9:50  Photon Cannon, Gateway  
  142  9:54  Assimilator  
  142  9:55  High Templar x4  
  142  9:57  Zealot  
  142  9:59  Archon  
  152  10:00  Archon  
  152  10:03  Assimilator  
  152  10:06  Pylon  
  152  10:08  Observer, Pylon  
  151  10:20  Gateway  
  151  10:21  Void Ray (Chrono Boost), Zealot x2  
  155  10:24  Pylon  
  155  10:28  Zealot x4  
  167  10:41  Psionic Storm  
  165  10:46  Nexus  
  165  10:50  Zealot x7  
  165  10:52  Zealot  
  181  11:03  Zealot x2  
  177  11:16  Zealot  
  177  11:17  Zealot x6  
  177  11:18  Zealot x2  
  160  11:44  Carrier x3 (Chrono Boost)  
  142  12:03  Mothership (Chrono Boost)  
  142  12:06  Pylon  
  142  12:07  Photon Cannon  
  153  12:09  Photon Cannon, Probe x3 (Chrono Boost)  
  153  12:10  Protoss Air Weapons Level 3 (Chrono Boost)  
  153  12:20  Observer  
  154  12:23  Zealot x2  
  154  12:24  Zealot x2  
  162  12:30  Zealot  
  164  12:56  Tempest (Chrono Boost)  
  172  13:00  Tempest (Chrono Boost)  
  172  13:05  High Templar x2  
  167  13:06  High Templar x2  
  167  13:10  Pylon  
  167  13:12  Photon Cannon, Observer (Chrono Boost), Tempest (Chrono Boost)  
  174  13:13  Photon Cannon  
  174  13:14  Zealot x2, Protoss Ground Weapons Level 2  
  174  13:15  Photon Cannon  
  174  13:18  Assimilator  
  178  13:20  High Templar x3  
  178  13:21  High Templar  
  186  13:30  Pylon  
  186  13:31  Archon x2  
  186  13:32  Warp Prism (Chrono Boost), Tempest (Chrono Boost)  
  198  13:42  Tempest (Chrono Boost)  
  194  14:00  Pylon  
  194  14:04  Zealot  
  194  14:05  Zealot x2, Assimilator  
  200  14:12  Blink  
  200  14:14  Stargate  
  200  14:17  Pylon  
  200  14:22  Stargate  
  200  14:26  Nexus  
  200  14:28  Pylon  
  200  14:29  Pylon  
  199  14:31  Pylon  
  199  14:32  Oracle  
  200  14:47  Protoss Air Armor Level 1  
  198  14:59  Zealot x2  
  189  15:18  Assimilator  
  189  15:19  Assimilator  
  189  15:21  Pylon  
  188  16:04  Oracle  
  188  16:15  Void Ray x2 (Chrono Boost)  
  188  16:16  Void Ray x2 (Chrono Boost)  
  189  16:28  Zealot x5  
  199  16:44  Observer  
  199  16:46  Unknown  
  200  17:00  Robotics Bay  
  190  17:09  Dark Shrine  
  190  17:16  Zealot x5  
  190  17:22  Photon Cannon  
  200  17:25  Photon Cannon x2  
  200  17:27  Photon Cannon x2  
  197  17:35  Photon Cannon  
  193  17:38  Photon Cannon  
  193  17:40  Photon Cannon, Shield Battery  
  189  17:45  Zealot x5  
  193  18:20  Stalker x4  
  197  18:41  Photon Cannon  
  197  18:42  Zealot  
  197  18:43  Photon Cannon  
  197  18:44  Photon Cannon  
  197  18:46  Photon Cannon  
  197  18:48  Shield Battery  
  199  18:51  Photon Cannon  
  197  19:12  Protoss Air Armor Level 2 (Chrono Boost)  
  197  19:24  Nexus  
  197  19:26  Assimilator  
  197  19:27  Gateway  
  197  19:28  Gateway  
  197  19:31  Gateway, Assimilator  
  197  19:32  Gateway  
  197  19:34  Gateway  
  197  19:35  Pylon  
  197  19:36  Mothership (Chrono Boost)  
  197  19:58  Shield Battery  
  197  19:59  Shield Battery  
  197  20:00  Dark Templar  
  197  20:03  Shield Battery  
  197  20:05  Pylon  
  199  20:08  Pylon  
  199  20:15  Protoss Shields Level 1 (Chrono Boost)  
  199  20:16  Pylon  
  190  20:24  Dark Templar  
  190  20:39  Photon Cannon  
  190  20:41  Photon Cannon  
  190  20:42  Shield Battery x2  
  190  20:48  Void Ray x4  
  190  20:49  Shield Battery  
  182  20:52  Shield Battery  
  182  20:55  Photon Cannon  
  198  20:58  High Templar  
  200  21:07  Oracle  
  200  21:11  Pylon  
  200  21:48  Shield Battery  
  200  21:49  Shield Battery  
  200  21:50  Shield Battery  
  200  21:53  Pylon  
  200  21:58  Shield Battery  
  200  21:59  Void Ray (Chrono Boost)  
  200  22:03  Void Ray (Chrono Boost)  
  200  22:06  Protoss Ground Weapons Level 3  
  200  22:08  Void Ray (Chrono Boost)  
  195  22:10  Void Ray x2 (Chrono Boost)  
  94  22:37  Stalker  
  94  22:38  Carrier (Chrono Boost)  
  94  22:40  Carrier (Chrono Boost)  
  94  22:42  Carrier x2 (Chrono Boost)  
  114  22:45  Carrier (Chrono Boost)  
  126  22:58  Stalker x6  
  133  23:01  Photon Cannon  
  133  23:03  Photon Cannon  
  133  23:05  Pylon  
  137  23:16  Stalker x7  
  137  23:17  Stalker x3  
  142  23:31  Dark Templar x6  
  137  23:36  Carrier (Chrono Boost)  
  137  23:37  Carrier (Chrono Boost)  
  150  23:50  Carrier (Chrono Boost)  
  147  24:19  Carrier (Chrono Boost)  
  147  24:30  Carrier (Chrono Boost)  
  150  24:48  Carrier (Chrono Boost)  
  150  24:55  Zealot  
  156  25:10  Carrier (Chrono Boost)  
  157  25:22  Pylon  
  157  25:28  High Templar x4  
  146  25:49  High Templar  
  147  25:50  High Templar x3  
  153  26:00  Archon  
  153  26:02  Void Ray  
  125  27:12  High Templar  
  125  27:13  High Templar  
  129  27:20  High Templar x4  
  134  27:24  Archon  
  134  27:25  Archon  
Show
View Real Time Build Order
Export as new Build Order

Elazer Zerg - Winner!

Build Orders: Hatch First 

Get SALT Encoding   

  12  0:00  Drone  
  13  0:11  Overlord  
  13  0:16  Drone  
  14  0:30  Drone x2  
  16  0:48  Hatchery  
  15  0:51  Drone  
  15  0:55  Drone  
  17  0:58  Drone  
  18  1:08  Extractor  
  17  1:14  Spawning Pool  
  17  1:17  Drone  
  17  1:20  Drone  
  18  1:28  Drone  
  19  1:38  Drone  
  20  1:49  Overlord  
  20  2:01  Queen x2  
  22  2:02  Drone, Zergling x2  
  26  2:12  Drone, Zergling x2  
  26  2:13  Metabolic Boost  
  28  2:22  Drone x2  
  30  2:31  Drone  
  30  2:32  Drone  
  32  2:38  Queen  
  32  2:42  Overlord  
  32  2:43  Drone  
  35  2:55  Hatchery  
  34  3:00  Queen  
  34  3:03  Drone  
  37  3:06  Overlord  
  37  3:10  Drone x2  
  40  3:12  Drone  
  40  3:14  Drone  
  40  3:18  Drone  
  40  3:19  Drone  
  43  3:21  Drone  
  43  3:26  Queen  
  46  3:30  Overlord  
  46  3:34  Overlord  
  47  3:41  Zergling x8  
  47  3:42  Zergling x2  
  47  3:44  Zergling x2  
  52  3:53  Drone  
  52  3:54  Drone  
  54  3:56  Zergling x2  
  54  3:57  Zergling x4  
  57  4:06  Drone x2  
  57  4:08  Drone x2  
  61  4:14  Overlord  
  61  4:17  Drone  
  61  4:18  Drone x3  
  64  4:27  Drone x2  
  64  4:31  Drone x3  
  65  4:32  Drone x2  
  66  4:40  Queen  
  66  4:41  Spore Crawler  
  66  4:43  Drone x6  
  73  4:52  Overlord  
  73  4:54  Extractor  
  73  4:55  Roach Warren  
  73  4:56  Drone x3, Extractor  
  73  5:01  Lair  
  73  5:11  Drone x8  
  73  5:12  Overlord  
  81  5:22  Overlord  
  81  5:24  Spore Crawler  
  81  5:25  Queen, Spore Crawler  
  81  5:27  Queen, Extractor x2  
  81  5:30  Overlord  
  81  5:32  Drone x6  
  85  5:37  Hatchery  
  83  5:45  Zergling x14  
  83  5:48  Extractor  
  89  5:53  Drone x6  
  95  6:02  Overlord  
  95  6:03  Queen  
  97  6:04  Queen  
  97  6:06  Queen  
  97  6:11  Infestation Pit  
  100  6:12  Drone x4  
  100  6:14  Drone x2  
  106  6:20  Overlord x2  
  105  6:28  Overlord  
  105  6:30  Drone x7  
  112  6:36  Spire, Evolution Chamber  
  112  6:39  Overlord  
  110  6:44  Queen  
  112  6:49  Queen x2  
  112  6:52  Queen  
  116  6:54  Drone x3  
  116  6:55  Drone x2  
  116  6:56  Overlord  
  121  7:02  Drone x5  
  121  7:04  Overlord  
  121  7:06  Zerg Missile Weapons Level 1  
  125  7:20  Overlord  
  125  7:21  Drone x6  
  129  7:23  Spore Crawler  
  129  7:29  Queen  
  128  7:30  Queen  
  128  7:31  Lair  
  128  7:36  Queen  
  128  7:39  Infestor x3  
  132  7:46  Zergling x18  
  139  7:56  Spire, Overlord  
  136  8:00  Drone x4  
  136  8:05  Zergling x14, Queen  
  147  8:10  Overlord  
  147  8:12  Drone x2  
  151  8:15  Extractor x2  
  151  8:16  Queen  
  151  8:17  Overlord  
  149  8:20  Hatchery  
  147  8:27  Hive  
  147  8:29  Overlord  
  147  8:31  Burrow  
  147  8:33  Drone x2  
  147  8:34  Overlord  
  147  8:35  Evolution Chamber, Spore Crawler  
  147  8:40  Overseer  
  145  8:44  Pathogen Glands  
  145  8:47  Drone x5  
  150  8:50  Spine Crawler  
  150  8:53  Spore Crawler, Overlord  
  150  8:54  Spore Crawler  
  146  8:55  Spore Crawler  
  146  9:00  Queen x2, Spine Crawler  
  146  9:02  Drone x5  
  153  9:05  Zerg Missile Weapons Level 2  
  153  9:06  Spine Crawler  
  153  9:07  Zerg Ground Armor Level 1  
  153  9:08  Glial Reconstitution  
  152  9:13  Spine Crawler  
  151  9:21  Overlord  
  151  9:29  Spore Crawler  
  151  9:30  Spore Crawler  
  151  9:31  Spore Crawler  
  146  9:32  Spore Crawler  
  146  9:33  Overlord  
  146  9:35  Queen  
  146  9:36  Spire  
  146  9:37  Drone x4  
  146  9:38  Spine Crawler  
  149  9:39  Spine Crawler x2  
  149  9:42  Spine Crawler x2, Greater Spire  
  149  9:44  Viper x3  
  154  9:49  Drone x9, Spore Crawler x2  
  154  9:50  Drone x2  
  163  9:54  Spine Crawler  
  162  10:00  Queen x3  
  162  10:02  Spore Crawler x2  
  166  10:07  Corruptor x3  
  166  10:11  Corruptor  
  173  10:15  Corruptor  
  173  10:16  Corruptor  
  177  10:24  Corruptor x2  
  181  10:29  Spore Crawler  
  181  10:30  Spore Crawler x2  
  181  10:31  Spore Crawler x3  
  173  10:53  Brood Lord x8  
  191  10:57  Roach x5  
  191  11:00  Zerg Flyer Armor Level 1  
  198  11:13  Adrenal Glands  
  198  11:14  Roach x2  
  194  11:23  Roach x3  
  197  11:27  Hive  
  178  11:42  Infestor x2  
  178  11:43  Infestor  
  173  11:48  Zergling x16  
  179  11:54  Zerg Ground Armor Level 2, Zerg Melee Weapons Level 1  
  179  12:00  Drone x7  
  179  12:01  Drone x3, Extractor x2  
  186  12:06  Drone x3  
  186  12:07  Hatchery  
  188  12:14  Spore Crawler  
  187  12:15  Spore Crawler  
  187  12:16  Spore Crawler  
  187  12:17  Spore Crawler  
  187  12:18  Spore Crawler x2  
  187  12:19  Spore Crawler x3  
  187  12:20  Spore Crawler x2  
  177  12:29  Drone x3  
  181  12:30  Drone x2  
  181  12:32  Spine Crawler x2  
  181  12:33  Spine Crawler, Spore Crawler  
  181  12:34  Spore Crawler x2  
  176  12:37  Pneumatized Carapace  
  176  12:38  Overseer x3  
  176  12:43  Zergling x14  
  164  13:03  Greater Spire  
  164  13:05  Ultralisk Cavern  
  161  13:07  Drone x7  
  168  13:13  Spore Crawler  
  168  13:15  Spore Crawler  
  168  13:16  Spore Crawler  
  168  13:17  Spore Crawler  
  168  13:18  Spore Crawler  
  163  13:20  Spore Crawler  
  163  13:24  Drone  
  163  13:25  Drone x4  
  163  13:27  Queen x3  
  167  13:28  Viper x3  
  167  13:30  Spore Crawler  
  167  13:31  Infestor x2, Spore Crawler x2  
  183  13:36  Drone x6  
  189  14:01  Chitinous Plating  
  189  14:03  Zerg Melee Weapons Level 2  
  189  14:09  Drone x5  
  195  14:10  Drone  
  195  14:12  Spore Crawler  
  195  14:14  Spore Crawler x2  
  195  14:15  Spore Crawler  
  195  14:16  Spore Crawler  
  190  14:22  Ultralisk, Zerg Flyer Armor Level 2  
  196  14:25  Zerg Ground Armor Level 3, Spire  
  195  14:31  Spore Crawler x3  
  195  14:33  Spore Crawler  
  195  14:34  Spore Crawler  
  189  14:51  Spore Crawler  
  188  14:53  Spore Crawler  
  188  14:54  Spore Crawler  
  188  14:56  Spore Crawler  
  188  14:59  Drone x3  
  185  15:02  Spine Crawler  
  185  15:06  Ultralisk x2  
  192  15:18  Ultralisk  
  192  15:20  Anabolic Synthesis  
  198  15:22  Overseer x3  
  198  15:31  Drone x2  
  198  15:33  Infestor x2  
  198  15:34  Infestor x4  
  197  15:42  Spore Crawler  
  191  15:43  Spore Crawler  
  191  15:44  Spore Crawler  
  168  16:18  Infestor x3  
  168  16:19  Infestor x3  
  176  16:29  Viper x2  
  182  16:33  Zerg Melee Weapons Level 3  
  182  16:35  Zerg Flyer Weapons Level 1  
  182  16:53  Overseer x2  
  181  17:01  Zerg Flyer Armor Level 3  
  181  17:06  Zerg Missile Weapons Level 3  
  181  17:12  Corruptor x4  
  190  17:15  Drone x4  
  190  17:19  Extractor  
  192  17:27  Viper x2  
  198  17:39  Infestor  
  198  18:14  Brood Lord  
  199  18:48  Spore Crawler  
  198  18:49  Spore Crawler  
  198  18:51  Spore Crawler  
  198  18:52  Spore Crawler  
  195  18:56  Spore Crawler  
  195  18:57  Spore Crawler x2  
  195  18:59  Drone x5  
  195  19:00  Drone x3  
  200  19:10  Overseer x2  
  200  19:11  Overseer, Spore Crawler  
  200  19:12  Zerg Flyer Weapons Level 2, Spore Crawler  
  200  19:13  Spore Crawler  
  200  19:14  Spore Crawler  
  196  19:48  Spore Crawler  
  196  19:51  Spore Crawler  
  194  20:02  Spore Crawler  
  194  20:06  Hatchery, Spore Crawler  
  191  20:07  Spore Crawler  
  191  20:08  Spore Crawler  
  191  20:11  Spore Crawler  
  191  20:12  Spore Crawler  
  191  20:13  Infestor  
  187  20:23  Hatchery  
  186  20:34  Infestation Pit, Spire  
  184  20:36  Spore Crawler  
  184  20:37  Spore Crawler x3  
  184  20:39  Spore Crawler x2  
  184  20:40  Spore Crawler x3  
  184  20:41  Spore Crawler  
  174  21:13  Corruptor x12  
  174  21:14  Corruptor  
  200  21:31  Corruptor  
  200  21:37  Infestor x3  
  200  21:38  Extractor  
  199  21:40  Extractor  
  174  22:18  Corruptor x7  
  170  22:30  Infestor x3  
  176  22:41  Spine Crawler x3  
  173  22:50  Viper x3  
  182  22:51  Infestor x2  
  186  23:04  Hatchery  
  185  23:18  Corruptor x2  
  185  23:19  Corruptor x5  
  195  23:38  Overseer  
  195  23:39  Overseer  
  183  23:57  Ultralisk  
  183  24:00  Drone  
  183  24:01  Drone x9  
  194  24:36  Drone x10  
  197  25:09  Drone x3  
  176  26:18  Corruptor x21  
  150  26:23  Brood Lord x5  
  187  26:48  Corruptor x4  
  195  27:12  Overlord x2  
  191  27:32  Hatchery  

Tags
 
Add a new tag
Caveats
  • Supply blocks, unpowered buildings, or Contaminate may cause inaccurate times.
  • Supply counts are checked every 10 seconds.